 Dungeon Crawl Stone Soup version 0.22-a0-252-gcace5d2 (webtiles) character file.

1221 zeke the Cleaver (level 8, -8/62 HPs)
             Began as a Minotaur Fighter on Mar 2, 2018.
             Mangled by Menkaure (20 damage)
             ... on level 5 of the Dungeon.
             The game lasted 00:12:43 (4353 turns).

zeke the Cleaver (Minotaur Fighter)                 Turns: 4353, Time: 00:12:44

Health: -8/62      AC:  9    Str: 22    XL:     8   Next: 23%
Magic:  7/7        EV:  9    Int:  7    God:
Gold:   201        SH: 10    Dex: 13    Spells: 7/7 levels left

rFire    + . .     SeeInvis .   a - +0 war axe
rCold    . . .     Gourm    .   c - +0 shield
rNeg     . . .     Faith    .   e - +1 scale mail {rPois}
rPois    +         Spirit   .   (helmet restricted)
rElec    .         Reflect  .   (no cloak)
rCorr    .         Harm     .   (no gloves)
MR       .....                  s - +0 pair of boots
Stlth    ..........             t - amulet of the acrobat
HPRegen  0.20/turn              h - ring of protection from fire
MPRegen  0.10/turn              r - +2 ring of intelligence

@: no status effects
A: retaliatory headbutt, horns 2, agile 1, frail 1, MP-powered wands
a: no special abilities


You were on level 5 of the Dungeon.
You were not hungry.

You visited 2 branches of the dungeon, and saw 7 of its levels.

You collected 201 gold pieces.

Inventory:

Hand Weapons
 a - a +0 war axe (weapon)
Armour
 b - a +0 scale mail
 c - a +0 shield (worn)
 e - a +1 scale mail of poison resistance (worn)
 s - a +0 pair of boots (worn)
Jewellery
 h - a ring of protection from fire (left hand)
 r - a +2 ring of intelligence (right hand)
 t - an amulet of the acrobat (around neck)
Wands
 y - a wand of flame (30)
Scrolls
 g - 2 scrolls of remove curse
 i - 4 scrolls of identify
 j - 2 scrolls of magic mapping
 k - a scroll of amnesia
 n - 2 scrolls of immolation {unknown}
 p - a scroll of fear {unknown}
 q - 2 scrolls of enchant armour {unknown}
 x - a scroll of teleportation {unknown}
 B - a scroll of blinking
Potions
 d - 2 potions of might
 l - a potion of brilliance
 m - a potion of curing {unknown}
 o - 2 potions of invisibility
 u - a potion of agility {unknown}
 v - a potion of heal wounds {unknown}
 w - a potion of flight {unknown}
 z - a potion of cancellation {unknown}
Comestibles
 f - 8 rations


   Skills:
 + Level 5.4 Fighting
 * Level 9.0 Axes
 + Level 5.7 Armour
 + Level 1.9 Dodging
 + Level 1.2 Stealth
 + Level 5.5 Shields


You had 7 spell levels left.
You didn't know any spells.

Dungeon Overview and Level Annotations

Branches:
Dungeon (6/15)             Temple (1/1) D:5

Altars:
Ashenzari
Cheibriados
Dithmenos
Elyvilon
Fedhas
Gozag
Hepliaklqana
Kikubaaqudgha
Makhleb
Nemelex Xobeh
Qazlal
Trog
Uskayaw
Vehumet
Wu Jian
Xom
Yredelemnul
Zin
The Shining One

Annotations:
D:5 Menkaure


Innate Abilities, Weirdness & Mutations

You reflexively headbutt those who attack you in melee.
You have a pair of horns on your head.
You are agile. (Dex +2)
You are frail. (-10% HP)
You expend magic power (3 MP) to strengthen your wands.


Message History

You destroy the leopard gecko skeleton!
Found a stone staircase leading down.
There is a stone staircase leading down here.
Menkaure, Prince of Dust comes into view.
Menkaure shouts!
Found a ring of protection from fire.
Menkaure is nearby!
Menkaure calls on the powers of darkness!
Your body is wracked with pain!
Found a whip.
You see here a ring of protection from fire.
Menkaure barely misses you.
You barely miss Menkaure. You headbutt Menkaure!
Menkaure is heavily damaged.
Menkaure hits you!!
* * * LOW HITPOINT WARNING * * *
You hit Menkaure. You headbutt Menkaure!
Menkaure is almost destroyed.
Menkaure hits you!!
You die...

### ### ..# #..
.. #.# # #.#...
### #. #.#..#
## #. #.#..#..
# #..#.#... . #
#..#M#.# .. _#
####...@..##.#
##
.....).=.....#
######....####
#.[.#.# #.###.#
#######.###>#
............#
######.#####
#.#############


You could see Menkaure.

Vanquished Creatures
  The ghost of drazt1k the Cudgeler, an amateur FoAK of Lugonu (D:4)
  Eustachio (D:5)
  The ghost of ProzacElf the Caller, an amateur BaSu (D:3)
  Duvessa (D:5)
  Blork the orc (D:5)
  Dowan (D:5)
  2 vampire bats (D:3)
  2 orc priests (D:5)
  2 orc wizards (D:4)
  3 hounds (D:4)
  A centaur skeleton (D:4)
  2 worker ants (D:4)
  A gnoll (D:4)
  5 adders
  A shadow imp (D:5)
  5 worms (D:2)
  4 dart slugs
  5 leopard geckos
  16 orcs
  A ball python (D:2)
  5 bats
  2 bat skeletons (D:3)
  3 bat zombies (D:3)
  6 giant cockroaches
  7 goblins
  4 hobgoblins
  9 kobolds
  4 frilled lizards
  A leopard gecko skeleton (D:5)
  7 rats
104 creatures vanquished.

Notes
Turn   | Place    | Note
-------+----------+-------------------------------------------
     0 | D:1      | zeke the Minotaur Fighter began the quest for the Orb.
     0 | D:1      | Reached XP level 1. HP: 19/19 MP: 0/0
   143 | D:1      | Reached XP level 2. HP: 27/27 MP: 1/1
   555 | D:1      | Found a sparkling altar of Nemelex Xobeh.
   686 | D:2      | Reached XP level 3. HP: 32/34 MP: 2/2
   737 | D:2      | Reached skill level 3 in Axes
  1101 | D:2      | Reached XP level 4. HP: 41/41 MP: 3/3
  1713 | D:3      | Noticed ProzacElf's ghost (amateur BaSu)
  1716 | D:3      | Gained mutation: You expend magic power (3 MP) to strengthen your wands. [potion of mutation]
  1716 | D:3      | Gained mutation: You are frail. (-10% HP) [potion of mutation]
  1716 | D:3      | Gained mutation: You are agile. (Dex +2) [potion of mutation]
  1728 | D:3      | Killed ProzacElf's ghost
  1728 | D:3      | Reached skill level 5 in Axes
  1728 | D:3      | Reached XP level 5. HP: 16/42 MP: 4/4
  2023 | D:3      | You fall through a shaft for 3 floors!
  2024 | D:6      | Found a sparkling altar of Nemelex Xobeh.
  2050 | D:5      | Entered Level 5 of the Dungeon
  2065 | D:5      | Found a radiant altar of Vehumet.
  2245 | D:4      | Noticed drazt1k's ghost (amateur FoAK)
  2255 | D:4      | Reached XP level 6. HP: 28/49 MP: 5/5
  2268 | D:4      | Killed drazt1k's ghost
  2268 | D:4      | Reached skill level 5 in Fighting
  2268 | D:4      | Reached skill level 6 in Axes
  2268 | D:4      | Reached skill level 5 in Armour
  2268 | D:4      | Reached skill level 1 in Dodging
  2646 | D:4      | Reached XP level 7. HP: 54/54 MP: 6/6
  2753 | D:3      | Reached skill level 7 in Axes
  2757 | D:3      | Reached skill level 1 in Stealth
  2915 | D:3      | Found an ancient bone altar of Kikubaaqudgha.
  2918 | D:3      | Reached skill level 5 in Shields
  3620 | D:4      | Found a basalt altar of Yredelemnul.
  3798 | D:5      | Noticed Blork the orc
  3806 | D:5      | Killed Blork the orc
  3925 | D:5      | Found a hide-covered altar of Uskayaw.
  3927 | D:5      | Found a radiant altar of Vehumet.
  3930 | D:5      | Found a shadowy altar of Dithmenos.
  3963 | D:5      | Noticed Duvessa
  3964 | D:5      | Found a sparkling altar of Nemelex Xobeh.
  3964 | D:5      | Noticed Dowan
  3977 | D:5      | Killed Duvessa
  3977 | D:5      | Reached skill level 8 in Axes
  3999 | D:5      | Killed Dowan
  3999 | D:5      | Reached XP level 8. HP: 41/61 MP: 7/7
  4082 | D:5      | Noticed Eustachio
  4112 | D:5      | Killed Eustachio
  4182 | D:5      | Reached skill level 9 in Axes
  4204 | D:5      | Found a staircase to the Ecumenical Temple.
  4219 | Temple   | Entered the Ecumenical Temple
  4347 | D:5      | Noticed Menkaure
  4353 | D:5      | Mangled by Menkaure

Vault maps used:
D:1:      dpeg_chamrin_arrival_tetris, minmay_misc_feat_pillars,
          nemelex_diamond_rough_becter
D:2:      minmay_three_crescents
D:3:      kennysheep_vampire_church
D:4:      yredelemnul_altar_generic, cheibrodos_gnoll_hut
D:5:      nicolae_overflow_hidden_temple, minmay_temple_entry_nine_rooms,
          basic_altar, first_ration, nemelex_spade_bored_becter, uniq_menkaure,
          uniq_crazy_yiuf_cottage, uniq_blork_the_orc, uniq_duvessa,
          uniq_eustachio
D:6:      nemelex_xobeh_ov_fountains_minmay, kennysheep_mini, serial_shops,
          kennysheep_mini_moat, uniq_edmund
Temple:   cyrus_circular_temple

Skill      XL: |  1  2  3  4  5  6  7  8 |
---------------+-------------------------+-----
Fighting       | 4 5 |  5.4
Shields        | 4 5 |  5.5
Axes           | 3 5 6 8 9 |  9.0
Armour         | 4 5 |  5.7
Dodging        | 1 |  1.9
Stealth        | 1 |  1.2

Action                   |  1- 3 |  4- 6 |  7- 9 || total
-------------------------+-------+-------+-------++-------
Melee: War axe           |    98 |    69 |    92 ||   259
       Headbutt          |    16 |    13 |    20 ||    49
  Use: Potion            |       |     4 |       ||     4
       Scroll            |       |     5 |       ||     5
 Stab: Invisible         |       |     2 |       ||     2
  Eat: Chunk             |       |     5 |     6 ||    11
Armor: Scale mail        |    51 |    32 |    41 ||   124
Dodge: Dodged            |    36 |    29 |    45 ||   110
Block: Shield            |    52 |    47 |    60 ||   159

Table legend:
 A = Spawn XP
 B = Non-spawn XP
 C = Spawn XP percentage of total XP
 D = Spawn monster count
 E = Non-spawn monster count
 F = Spawn count percentage of total count
 G = Total turns spent on level
                    A         B        C        D         E        F      G
               +---------+---------+-------+---------+---------+-------+---------
         Total |       0 |    1745 |   0.0 |       0 |     104 |   0.0 |  4353
               +---------+---------+-------+---------+---------+-------+---------
           D:1 |       0 |      37 |   0.0 |       0 |      19 |   0.0 |   672
           D:2 |       0 |      73 |   0.0 |       0 |      26 |   0.0 |   984
           D:3 |       0 |     332 |   0.0 |       0 |      22 |   0.0 |  1014
           D:4 |       0 |     633 |   0.0 |       0 |      21 |   0.0 |  1062
           D:5 |       0 |     667 |   0.0 |       0 |      15 |   0.0 |   535
           D:6 |       0 |       3 |   0.0 |       0 |       1 |   0.0 |    27
               +---------+---------+-------+---------+---------+-------+---------
